[Event "German Rapid Championship 2022"]
[Site "Goettingen"]
[Date "2022.09.25"]
[Round "9.6"]
[White "Arndt, Magnus"]
[Black "Karsay, Pascal"]
[Result "1-0"]
[ECO "E06"]
[WhiteElo "2384"]
[BlackElo "2269"]
[Annotator "TA"]
[PlyCount "81"]
[EventDate "2022.09.24"]
[EventType "swiss"]
[EventCountry "GER"]
[SourceTitle "playchess.com"]
[Source "ChessBase"]
[SourceQuality "1"]
[TimeControl "900+10"]

1. d4 Nf6 2. c4 e6 3. g3 d5 4. Bg2 Be7 5. Nf3 O-O 6. O-O c6 7. Nc3 a5 {[%emt 0:00:02] E06: Closed Catalan: Early deviations.} 8. Nd2 b5 9. cxb5 cxb5 {[%emt 0:00:01] The position is equal.} 10. Nxb5 Ba6 11. Nc3 {[%emt 0:00:56] [#]} Nc6 $146 ({Predecessor:} 11... Qb6 12. Nf3 Nbd7 13. b3 Rfc8 14. Bb2 Rab8 15. Rc1 Bb4 16. Ne5 Nxe5 17. dxe5 Nd7 {1-0 (53) Vergara Anton,D (2245)-Garcia Sanz,D (1649) Oviedo 2022}) 12. Nb3 Qb6 13. Re1 Rfc8 14. e3 Nb4 15. Na4 (15. Nc5 $14) 15... Qc6 16. Nbc5 Bb5 17. Bd2 Bxa4 18. Nxa4 Nc2 19. Rc1 $1 Qxa4 20. Bc3 $1 {[%emt 0:00:01] [#]} Qxa2 $1 21. Qxc2 a4 22. Qd2 (22. Ra1 $11 Qc4 23. Bf1) 22... Ne4 (22... Qb3 $15) 23. Bxe4 $11 dxe4 24. d5 Qxd5 25. Qxd5 exd5 26. Bd4 (26. Rcd1 $15) 26... Bb4 (26... f6 $17 27. Ra1 Kf7) 27. Rxc8+ Rxc8 {[%emt 0:00:01][%mdl 4096] Endgame KRB-KRB} 28. Ra1 Ra8 29. Rc1 a3 30. bxa3 Bxa3 {[%emt 0:00:12] [#] Loses the game.} (30... Bf8 $11 {and Black is okay.}) 31. Ra1 $18 {[%emt 0:00:03] aiming for Bb2.} Ra5 32. Bc3 {[%emt 0:00:06] Prevents Bb4.} Ra7 33. Bb4 {[%emt 0:00:05] Inhibits Bc5.} Bxb4 34. Rxa7 {[%emt 0:00:01] And now Rd7 would win. KR-KB} g6 (34... h5 $142 35. Rd7 g6 36. Rxd5 f5) 35. Rd7 Kg7 $2 (35... h5 {was worth a try.} 36. Rxd5 Ba3) 36. Rxd5 Bc3 37. g4 {[%emt 0:00:10] Prevents h5.} h6 38. Kg2 {[%emt 0:00:05] White is clearly winning.} Kf8 39. Kg3 Ke7 40. Rc5 Bb4 41. Re5+ {[%emt 0:00:10] Weighted Error Value: White=0.12 (very precise) /Black=0.38} 1-0

[Event "German Rapid Championship 2022"]
[Site "Goettingen"]
[Date "2022.09.25"]
[Round "9.8"]
[White "Elier, Ali"]
[Black "Carlstedt, Jonathan"]
[Result "0-1"]
[ECO "B38"]
[WhiteElo "2164"]
[BlackElo "2433"]
[Annotator "TA"]
[PlyCount "84"]
[EventDate "2022.09.24"]
[EventType "swiss"]
[EventCountry "GER"]
[SourceTitle "playchess.com"]
[Source "ChessBase"]
[SourceQuality "1"]
[TimeControl "900+10"]

1. e4 c5 2. Nf3 Nc6 3. d4 cxd4 4. Nxd4 g6 5. c4 Bg7 6. Be3 Nf6 7. f3 O-O 8. Be2 d6 9. Nc3 Bd7 10. O-O Nxd4 11. Bxd4 Bc6 12. Qd2 Nd7 13. b4 {[%emt 0:00:39] B38: Sicilian: Maroczy Bind with 5...Bg7 and 7...0-0.} (13. Bf2 $14) 13... Bxd4+ $1 $11 14. Qxd4 {[%emt 0:00:02] aiming for b5.} Qb6 15. Qxb6 {[%emt 0:00:51] The position is equal.} Nxb6 16. Nd5 Bxd5 17. cxd5 Rfc8 18. Rfc1 {[%emt 0:00:06] Inhibits Rc2.} Kg7 19. Kf2 f5 {[%emt 0:00:01] [#]} 20. a4 $146 ({Predecessor:} 20. Ke3 Kf6 21. f4 fxe4 22. Kxe4 Rxc1 23. Rxc1 a5 24. b5 Rc8 25. Rxc8 Nxc8 26. g4 {½-½ (37) Koziak,V (2415)-Walach,M (2285) Krynica 1998}) 20... Rxc1 21. Rxc1 {[%emt 0:00:02] Strongly threatening Rc7.} fxe4 22. fxe4 {[%emt 0:00:07] Rc7 is the strong threat.} Nxa4 {[%emt 0:00:02][%mdl 4096] Endgame KRB-KRN} 23. Rc7 Kf6 24. Rxb7 a5 25. e5+ (25. bxa5 $15 Rxa5 26. Bf3) 25... dxe5 $17 26. b5 Nc5 (26... Nc3 $17 27. Rb6+ Kf5) 27. Rc7 Ne4+ 28. Ke3 Nd6 29. Rc6 e4 30. Ra6 Rc8 31. Rxa5 {[%emt 0:00:22] [#]} (31. Kd2 $142) 31... Ke5 (31... Rc2 $1 $17 {And now ...Nf5+ would win.} 32. Kf2 h5) 32. b6 {[%emt 0:00:54] [#]} (32. Ra2 $11 {keeps the balance.}) 32... Rc3+ $1 33. Kd2 Rb3 34. Ra6 (34. Ra7 {is a better defense.}) 34... Rb2+ $19 ({Inferior is} 34... Kxd5 35. Kc2 Rb4 36. Kc3 $17) 35. Ke1 Nf5 ({Not} 35... Kxd5 36. Ra5+ Ke6 37. g4) 36. g4 $2 (36. d6 {is a better chance.} Nxd6 37. Kf2) 36... Nd4 {[%emt 0:00:11] Black is clearly winning.} 37. Bd1 e3 38. Ra7 Kd6 39. Ra4 Kxd5 40. Ra7 e5 41. Rxh7 Rxb6 42. Ra7 Rb1 {[%emt 0:00:08] Weighted Error Value: White=0.92/Black=0.09 (flawless)} 0-1

[Event "German Rapid Championship 2022"]
[Site "Goettingen"]
[Date "2022.09.25"]
[Round "9.9"]
[White "Muckle, Julius"]
[Black "Hampel, Felix"]
[Result "1/2-1/2"]
[ECO "D11"]
[WhiteElo "2401"]
[BlackElo "2326"]
[Annotator "TA"]
[PlyCount "148"]
[EventDate "2022.09.24"]
[EventType "swiss"]
[EventCountry "GER"]
[SourceTitle "playchess.com"]
[Source "ChessBase"]
[SourceQuality "1"]
[TimeControl "900+10"]

1. d4 d5 2. c4 c6 3. Nf3 Nf6 4. b3 a6 5. e3 Bg4 6. Be2 {[%emt 0:00:06] D11: Slav Defence: 3 Nf3 sidelines and 3...Nf6 4 e3 Bg4.} e6 7. O-O Bd6 8. h3 Bh5 9. Ne5 Bxe2 10. Qxe2 Nbd7 11. Bb2 O-O 12. Nd2 Qe7 13. e4 dxe4 14. Nxd7 Qxd7 15. Nxe4 Nxe4 16. Qxe4 Be7 17. Rad1 Bf6 18. Rd3 Rad8 19. Rfd1 {[%emt 0:00:05] [#]} Qc7 $146 ({Predecessor:} 19... Qe7 20. g3 Rd7 21. Kg2 Rfd8 22. h4 h6 23. Bc3 Rc8 24. Qe1 b6 25. h5 Rcd8 {1-0 (54) Grachev,B (2578)-Korotylev,A (2620) Moscow 2007}) 20. Ba3 Rfe8 21. Bc1 Qa5 22. a4 Re7 23. Bd2 Qh5 24. Bb4 Red7 25. Bc5 Qh4 26. Qe3 Bg5 27. Qe2 Rc8 28. Rg3 Be7 29. Rg4 Qf6 30. Bb6 Bd8 31. Bc5 Be7 32. Bxe7 Qxe7 33. Qe5 g6 34. h4 Qd6 {[%emt 0:00:08] aiming for ...Qxe5.} 35. Qe3 h5 (35... f5 $15 36. c5 Qe7) 36. Rg5 Rcd8 37. g4 hxg4 38. h5 Kg7 39. hxg6 f5 (39... fxg6 $14 40. Qe4 (40. c5 Qe7 $11) 40... e5) 40. Rh5 $16 {[%emt 0:00:02] Qh6+ would kill now.} Rh8 {[%emt 0:00:02] Against Qh6+} 41. Rxh8 {Chess con chili.} (41. Qg5 Qe7 42. Qxe7+ Rxe7 43. Rxh8 Kxh8 $15) 41... Kxh8 {[%emt 0:00:00][%mdl 4096] Endgame KQR-KQR} 42. Qh6+ Kg8 43. Re1 (43. Kg2 $16) 43... Re7 $2 (43... g3 $11) 44. Qg5 $2 (44. Kg2 $18) 44... Re8 (44... Kg7 $11) 45. Qf6 Qe7 {[%emt 0:00:02] Against Qf7+} 46. Qxe7 {[%emt 0:00:07] White is much more active.} (46. Qe5 $16) 46... Rxe7 {[%emt 0:00:01] KR-KR} 47. d5 cxd5 48. cxd5 e5 49. d6 Rd7 50. Rxe5 Rxd6 51. Rxf5 Rxg6 52. Rf4 g3 53. f3 $1 {[%emt 0:00:05] Black must now prevent Rg4.} Rb6 54. b4 Rc6 55. Kg2 Kg7 56. Kxg3 Kg6 (56... b6 $142) 57. a5 (57. Rd4 $142 $1) 57... b6 $2 {[%emt 0:00:25] [#]} (57... Rd6 $16) 58. Rd4 $1 $18 ({And not} 58. b5 Rc5 $11) 58... Kf5 59. Rd5+ Kf6 {[%emt 0:00:13] [#]} 60. b5 $2 (60. Kg4 $1 $18) 60... axb5 $11 61. a6 b4 62. Rb5 {[%emt 0:00:05] White wants to mate with a7.} b3 $2 (62... Rc3 $11) 63. Rxb3 (63. a7 $142 Rc8 64. Rxb6+ Ke5 65. Rb8 Rxb8 66. axb8=Q+ Kd5 67. Qxb3+ Kc5 68. Kf4) 63... b5 64. Ra3 {[%emt 0:00:25] White threatens a7 and mate.} ({Worse is} 64. a7 Ra6 $11) 64... Rc8 65. Kf4 $2 (65. a7 $18 Ra8 66. Kf4) 65... b4 {[%emt 0:00:05] The position is equal.} 66. Ra1 {Strongly threatening a7.} b3 67. a7 b2 68. Ra6+ Kf7 $132 {[%emt 0:00:01][%mdl 2048] Black is fighting back} 69. Rb6 Ra8 (69... Rc4+ {is interesting.} 70. Kf5 Ra4 71. Rb7+ Kf8) 70. Rxb2 (70. Rb7+ {with more complications.} Kf6 71. Kg4 b1=R 72. Rxb1 Rxa7 73. Rb6+) 70... Rxa7 71. Kg4 Ra4+ 72. f4 Ra5 73. Rb6 Rc5 74. Rh6 Ra5 {[%emt 0:00:03] Weighted Error Value: White=0.19 (very precise) /Black=0.21 (precise)} 1/2-1/2

[Event "German Rapid Championship 2022"]
[Site "Goettingen"]
[Date "2022.09.25"]
[Round "9.10"]
[White "Schmidt, Tobias"]
[Black "Langrock, Hannes"]
[Result "1/2-1/2"]
[ECO "B22"]
[WhiteElo "2262"]
[BlackElo "2358"]
[Annotator "TA"]
[PlyCount "65"]
[EventDate "2022.09.24"]
[EventType "swiss"]
[EventCountry "GER"]
[SourceTitle "playchess.com"]
[Source "ChessBase"]
[SourceQuality "1"]
[TimeControl "900+10"]

1. e4 c5 2. c3 Nf6 3. e5 Nd5 4. Nf3 d6 5. d4 cxd4 6. Qxd4 e6 7. Nbd2 Nc6 {[%emt 0:00:38] B22: Sicilian: 2 c3.} 8. Bb5 Bd7 9. Bxc6 Bxc6 10. Nc4 f6 11. Nxd6+ (11. exd6 $5 Qd7 12. O-O $14) 11... Bxd6 12. exd6 e5 (12... Qxd6 $2 13. c4 $16) 13. Qg4 Qd7 {[%emt 0:01:12] [#]} 14. Qg3 $146 (14. Qxd7+ $11 Kxd7 15. Bd2 (15. c4 Nb4 $15)) ({Predecessor:} 14. Qxd7+ Kxd7 15. Rg1 Kxd6 16. Nd2 Kc7 17. f3 Rhe8 18. Nc4 e4 19. Kf2 Rad8 20. a4 {½-½ (29) Mroziak,M (2359)-Baklan,V (2609) Krakow 2016}) 14... O-O 15. O-O Qxd6 16. Nd4 Qd7 17. Nxc6 Qxc6 18. Bh6 {[%emt 0:00:10][%csl Gh6][%cal Rg3g7] [#]} Rf7 19. Rfd1 b5 20. Rd2 {[%emt 0:00:40] The position is equal.} Rd8 21. Rad1 Kh8 22. Be3 Rfd7 23. h4 (23. Qf3 $5 ) 23... a6 24. h5 h6 25. Qg6 Nxe3 26. Rxd7 Rxd7 27. Qe8+ Kh7 {[%emt 0:00:00][%csl Ge3][%cal Rc6g2] [#]} 28. Qg6+ Kg8 29. Rxd7 {[%emt 0:00:49] Dancing on a razor blade.} Qxd7 30. fxe3 Qd2 31. Qe8+ Kh7 32. Qg6+ Kg8 33. Qe8+ {Weighted Error Value: White=0.07 (flawless) /Black=0.05 (flawless)} 1/2-1/2

[Event "German Rapid Championship 2022"]
[Site "Goettingen"]
[Date "2022.09.25"]
[Round "9.11"]
[White "Laux, Dominik"]
[Black "Reichmann, Hendrik"]
[Result "0-1"]
[ECO "A45"]
[WhiteElo "2248"]
[BlackElo "2307"]
[Annotator "TA"]
[PlyCount "98"]
[EventDate "2022.09.24"]
[EventType "swiss"]
[EventCountry "GER"]
[SourceTitle "playchess.com"]
[Source "ChessBase"]
[SourceQuality "1"]
[TimeControl "900+10"]

1. d4 Nf6 2. Bg5 c5 3. Bxf6 gxf6 4. d5 Qb6 5. Qc1 f5 6. c4 Qh6 {[%emt 0:01:09][%cal Rh6c1] A45: Trompowsky Attack.} 7. e3 {[%emt 0:00:36] [#]} d6 $146 ({Predecessor:} 7... e5 8. Nc3 d6 9. Qc2 Bg7 10. g3 e4 11. Nb5 Kd8 12. Ne2 Nd7 13. Nf4 Ne5 14. Be2 {0-1 (40) Vlasenko,M (2403)-Sychev,K (2537) Sochi 2022}) 8. Nc3 Nd7 {[%emt 0:01:45] The position is equal.} 9. Nge2 a6 10. Ng3 e6 11. Be2 Rg8 12. Rb1 Be7 13. b4 cxb4 14. Rxb4 Nc5 15. O-O (15. dxe6 $142 fxe6 16. Qd2) 15... e5 $1 $11 16. f4 e4 17. Qd2 (17. Qa3 $11 {is more appropriate.}) 17... Qg7 18. Bd1 h5 19. Nxh5 Qh6 (19... Qg6 $1 $11) 20. Na4 $1 $16 Nd3 21. Rb3 Bd7 (21... Rb8 $16) 22. Nb6 Rd8 23. Rxd3 exd3 24. Qxd3 Qg6 25. Bf3 Rh8 (25... Bh4 $142) 26. Qe2 (26. Ng3 $18 {is more deadly.}) 26... Kf8 27. Rb1 (27. Nxd7+ $16 Rxd7 28. Ng3) 27... Be8 ({Black should play} 27... Bh4 $1 $14) 28. a4 $2 (28. Ng3 $1 $18) 28... Bh4 $1 $11 29. a5 Qh6 (29... Rh6 $11) 30. Rb2 $2 (30. Qc2 $14 {stays ahead.}) 30... Be7 $2 (30... f6 $17 31. g3 Bxh5 32. Bxh5 Qxh5 33. Qxh5 Rxh5) 31. h3 $1 $16 Bh4 32. g4 $2 (32. Kh2 $1 $16 {keeps the pressure on.}) 32... fxg4 $17 33. hxg4 {[%emt 0:00:02] [#]} f5 $1 {[%emt 0:00:24] White must now prevent ...fxg4.} 34. Qh2 Be7 {[%emt 0:00:15] This bishop pair is nice.} 35. Ng3 {[%emt 0:00:08] [#] Strongly threatening Qxh6+.} fxg4 {[%emt 0:00:05] Really sharp!} (35... Qg7 $1 $17 36. Qc2 (36. Qe2 fxg4 37. Be4 Rh3 $17) 36... fxg4) 36. Bxg4 $2 (36. Qxh6+ $11 Rxh6 37. Nf5) 36... Qg7 $19 37. Bh3 Rxh3 {[%emt 0:00:05][%mdl 64] Deflection} 38. Qxh3 Qxb2 39. Nf5 {[%emt 0:00:20] Hoping for Qh6+.} Qf6 {[%emt 0:00:15] Threatens to win with ...Bg6.} 40. e4 $2 (40. Nd4) 40... Qg6+ 41. Kf1 {[%emt 0:00:09] aiming for Qh8+.} Qh5 {[%emt 0:00:09] Against Qh8+} 42. Qe3 (42. Qxh5 $142 Bxh5 43. Nxe7 Kxe7 44. Kf2) 42... Bf6 43. c5 Qh1+ 44. Kf2 Qh2+ 45. Kf1 Bb5+ {[%emt 0:00:03] Black mates.} 46. Ke1 {[%emt 0:00:03] [#]} Bc3+ $1 47. Kd1 Qb2 48. cxd6 Qb1+ 49. Qc1 Qd3+ {[%emt 0:00:01] Black used his chance.  Weighted Error Value: White=0.84/Black=0.39} 0-1

[Event "German Rapid Championship 2022"]
[Site "Goettingen"]
[Date "2022.09.25"]
[Round "9.12"]
[White "Albert, Markus"]
[Black "Voigt, Martin"]
[Result "0-1"]
[ECO "B10"]
[WhiteElo "2129"]
[BlackElo "2319"]
[Annotator "TA"]
[PlyCount "54"]
[EventDate "2022.09.24"]
[EventType "swiss"]
[EventCountry "GER"]
[SourceTitle "playchess.com"]
[Source "ChessBase"]
[SourceQuality "1"]
[TimeControl "900+10"]

1. e4 c6 2. Nc3 d5 3. Qf3 d4 4. Bc4 e6 5. Nce2 c5 6. d3 {[%emt 0:00:07] [#] B11: Caro-Kann: Two Knights Variation.} Nd7 $146 ({Predecessor:} 6... Nc6 7. Qg3 Nf6 8. Nf3 b5 9. Bb3 c4 10. dxc4 Nxe4 11. Qf4 f5 12. cxb5 Bd6 13. Qh4 {½-½ (47) Yoo,C (2466)-Murzin,V (2505) Tornelo INT 2021}) 7. Qg3 b5 8. Bb3 {[%emt 0:00:02] The position is equal.} Bb7 9. a4 (9. Nf3 $14) 9... c4 $11 10. Ba2 Ngf6 11. axb5 (11. Nxd4 $11 cxd3 12. cxd3) 11... Bb4+ ({Black should try} 11... cxd3 $15 12. cxd3 Qa5+ 13. Kf1 Qa4) 12. Kf1 (12. c3 $14 cxd3 13. cxb4 dxe2 14. Nxe2) 12... cxd3 13. cxd3 O-O 14. Nf3 Nc5 ({Much less strong is} 14... Nh5 15. Qh3 Nhf6 16. Nfxd4 $16) (14... a6 $1 $11 {remains equal.}) 15. Bc4 $2 {[%emt 0:02:51] [#]} (15. Bh6 $16 Ne8 16. Nfxd4) 15... Nfxe4 $1 16. dxe4 Nxe4 17. Qg4 ({White should play} 17. Qe5 $15 d3 18. Be3 (18. Nc3 d2 $17) 18... dxe2+ 19. Kxe2) 17... d3 $17 {[%emt 0:00:16] Dancing on a razor blade.} 18. Be3 {[%emt 0:00:42] Threatens to win with Ned4.} dxe2+ 19. Bxe2 {[%emt 0:00:03] [#]} (19. Kxe2 $17 Bd5 20. Rhc1) 19... Bc5 (19... f5 $1 $19 20. Qh4 Be7) 20. Bxc5 Nxc5 21. h3 {[%emt 0:00:45] This costs White the game.} (21. Qf4 $17) 21... Ne4 $19 22. Re1 $2 (22. Kg1) 22... Qb6 23. Qh4 h6 {[%emt 0:00:06] ...g5 is the strong threat.} 24. Kg1 e5 25. Rf1 (25. Nxe5 $142 g5 26. Qg4 Nxf2 27. Nc4) 25... g5 26. Qg4 (26. Nxg5 hxg5 27. Qh5) 26... f5 27. Bc4+ Kg7 {[%emt 0:00:02] Weighted Error Value: White=0.77/Black=0.30} 0-1

[Event "German Rapid Championship 2022"]
[Site "Goettingen"]
[Date "2022.09.25"]
[Round "9.13"]
[White "Perkampus, Laurin"]
[Black "Cofmann, Veaceslav"]
[Result "0-1"]
[ECO "A57"]
[WhiteElo "2123"]
[BlackElo "2250"]
[Annotator "TA"]
[PlyCount "78"]
[EventDate "2022.09.24"]
[EventType "swiss"]
[EventCountry "GER"]
[SourceTitle "playchess.com"]
[Source "ChessBase"]
[SourceQuality "1"]
[TimeControl "900+10"]

1. d4 Nf6 2. c4 c5 3. d5 b5 4. cxb5 a6 5. e3 d6 6. Nc3 g6 7. Nf3 Bg7 8. e4 O-O 9. a4 axb5 10. Bxb5 Ba6 11. Bg5 Nbd7 12. O-O Bxb5 13. axb5 Qb6 {[%emt 0:00:13] E91: King's Indian: Classical: 6 Be2, unusual replies including 6...c5 and 6...Bg4.} 14. Nd2 Qb7 {[%emt 0:00:29] [#]} 15. Nc4 $146 ({White should try} 15. Qe2 $1 $16) ({Predecessor:} 15. Qe2 Nb6 16. Ra6 h6 17. Be3 Nfd7 18. Nb3 f5 19. exf5 Rxf5 20. Na5 Qc7 21. Nc6 {1-0 (42) Thorsteins,K (2480)-Hauchard,A (2450) Reykjavik 1993}) 15... Rxa1 $14 {[%emt 0:00:09] White is slightly better.} 16. Qxa1 Ra8 {[%emt 0:00:01] Prevents Qa6.} 17. Qd1 Nb6 18. Qe2 Nxc4 19. Qxc4 Nd7 20. Qe2 (20. Bxe7 $2 Nb6 21. Qd3 Qxe7 $19) 20... Nb6 21. Bf4 Na4 22. e5 Nxc3 23. bxc3 Qxd5 (23... dxe5 $16 {was worth a try.} 24. Bxe5 Bxe5 25. Qxe5 Qxb5) 24. exd6 $18 exd6 25. Rd1 Qb3 26. h4 (26. Bxd6 c4 $14) (26. c4 $16) 26... h5 (26... Bxc3 27. Qf3 d5 28. Rxd5 $18) (26... c4 $1 $11) 27. Kh2 ({But not} 27. Bxd6 $6 c4 $11) (27. Rxd6 $16 {And now Kh2 would win.} Ra4 28. Bg3 Ra1+ 29. Kh2) 27... Ra2 $36 {[%emt 0:03:29][%cal Ba8a2,Ba2f2,Bf2f1,Bf1f4,Bf4h4,Bh4g4,Bg4g2][%mdl 2080] Black is more active.} (27... Bxc3 $2 28. Rxd6 Bg7 29. b6 $16) 28. Qe8+ Kh7 29. Rxd6 {[%emt 0:00:03] Rd8 is the strong threat.} Rxf2 30. Bg3 {[%emt 0:00:21][%mdl 8192] [#]} (30. Be3 $1 $11 Rb2 31. Rd8 (31. Bxc5 {is a self mate.} Qc2)) 30... Rf1 $1 $19 {[%emt 0:00:09] aiming for ...Qb1.} 31. Qe4 Qxc3 {[%emt 0:02:20] Hoping for ...Qa1.} 32. b6 Qa1 33. Bf4 {[%emt 0:00:09] [#]} Rxf4 $1 34. Qd3 (34. Qxf4 Be5) 34... Rxh4+ {Black mates.} 35. Kg3 Rg4+ 36. Kf3 Qe5 37. Rd5 Qf6+ 38. Ke2 Rxg2+ 39. Kd1 Qa1+ {[%emt 0:00:02] Weighted Error Value: White=0.75/Black=0.12 (very precise)} 0-1